 Dungeon Crawl Stone Soup version 0.31.0-11-ge490571c62 (webtiles) character file.

Game seed: 15753508931213739943

409 qw the Shooter (level 6, -2/33 HPs)
             Began as a Spriggan Hunter on Feb 4, 2024.
             Was an Initiate of Okawaru.
             Frozen to death by an endoplasm (5 damage)
             ... on level 4 of the Dungeon.
             The game lasted 00:00:13 (2258 turns).

qw the Shooter (Spriggan Hunter)                    Turns: 2258, Time: 00:00:14

Health: -2/33      AC:  3    Str:  7    XL:     6   Next: 58%
Magic:  7/7        EV: 21    Int: 10    God:    Okawaru [......]
Gold:   62         SH:  0    Dex: 21    Spells: 5/5 levels left

rFire   . . .        a - +0 shortbow
rCold   . . .        (shield currently unavailable)
rNeg    . . .        c - +0 robe
rPois   .            (helmet restricted)
rElec   .            p - +0 cloak
rCorr   .            (gloves unavailable)
SInv    +            (boots unavailable)
Will    +....        (no amulet)
Stlth   ++           (no ring)
HPRegen 0.25/turn    (no ring)
MPRegen 0.10/turn

%: no passive effects
@: lethally poisoned (-2 -> -6), very quick
A: very small, no large weapons, unfitting armour, see invisible, speed 3,
mutation resistance 1, sense surroundings 1, robust 1, persistent drain
a: Renounce Religion


You were on level 4 of the Dungeon.
You worshipped Okawaru.
Okawaru was noncommittal.
You visited 1 branch of the dungeon, and saw 4 of its levels.

You collected 158 gold pieces.
You spent 96 gold pieces at shops.


Innate Abilities, Weirdness & Mutations

You are very small and have problems with some larger weapons.
You are too small for most types of armour.
You have supernaturally acute eyesight. (SInv)
You cover ground extremely quickly. (Speed+++)
You are somewhat resistant to further mutation.
You passively map a small area around you.
You are robust. (+10% HP)
Your health recovers twice as slowly from being drained.


   Skills:
 - Level 2.0 Fighting
 + Level 6.6 Ranged Weapons
 - Level 6.1 Dodging
 - Level 1.5 Stealth


You had 5 spell levels left.
You didn't know any spells.
Your spell library was empty.

Inventory:

Hand Weapons
 a - a +0 shortbow (weapon)
Armour
 c - a +0 robe (worn)
 p - a +0 cloak (worn)
Wands
 i - a wand of flame (21)
Potions
 b - 2 potions of curing
 d - a potion of attraction {unknown}
 e - a potion of enlightenment
 g - a potion of magic {unknown}
 h - a potion of mutation
 j - a potion of brilliance {unknown}
 k - a potion of haste

Dungeon Overview and Level Annotations

Branches:
Dungeon (4/15)
 Temple: D:4-7

Altars:
Okawaru

Shops:
D:3 (*:

Annotations:
D:3 2 runed translucent doors, Crazy Yiuf; qw's ghost, amateur DEHu


Message History

You are frozen.
You shoot an arrow. The arrow misses the adder.
The ball python completely misses you. The ball python misses you.
The adder bites you but does no damage. The endoplasm completely misses you.
You shoot an arrow. The arrow barely misses the adder.
The ball python barely misses you. The ball python closely misses you.
The adder misses you. The endoplasm completely misses you.
The ball python misses you. The ball python completely misses you.
The adder closely misses you.
You shoot an arrow. The arrow barely misses the adder.
The adder bites you. The ball python misses you. The ball python grabs you.
The ball python constricts you. The endoplasm closely misses you.
You shoot an arrow. The arrow hits the ball python.
You kill the ball python!
The adder closely misses you. The endoplasm misses you.
You shoot an arrow. The arrow hits the adder.
The adder is heavily wounded.
The adder closely misses you. The endoplasm barely misses you.
The adder bites you but does no damage.
You shoot an arrow. The arrow hits the adder.
The adder is heavily wounded.
The adder bites you. The endoplasm freezes you.
You are frozen.
You shoot an arrow. The arrow barely misses the adder.
The adder bites you.
You are poisoned.
The adder poisons you! The endoplasm freezes you.
You are frozen.
The adder bites you.
You shoot an arrow. The arrow closely misses the adder.
You feel sick. The endoplasm barely misses you.
The adder bites you but does no damage.
You shoot an arrow. The arrow hits the adder!
You kill the adder!
Okawaru accepts your kill.
You feel sick. The endoplasm freezes you.
You are frozen.
You die...

, ,, * , , *## *
, , , .. , , ,
######.#####
#..........# *
.##.....[....# *
.............##*
*#....%J.......
, #.....@.....#
,#.########### *
* * , * ,


You could see an endoplasm.

Vanquished Creatures
  Grinder (D:2)
  An orc priest (D:2)
  Ijyb (D:3)
  Jessica (D:2)
  4 gnolls (D:2)
  3 adders
  2 ribbon worms
  2 dart slugs (D:2)
  4 orcs
  5 bats
  3 endoplasms
  2 giant cockroaches
  4 goblins (D:2)
  7 hobgoblins
  3 jackals (D:3)
  9 quokkas
  8 ball pythons
  5 frilled lizards
  2 kobolds
  5 rats
72 creatures vanquished.

Notes
Turn   | Place    | Note
-------+----------+-------------------------------------------
     0 | D:1      | qw the Spriggan Hunter began the quest for the Orb.
     0 | D:1      | Reached XP level 1. HP: 10/10 MP: 2/2
     0 | D:1      | 0 ||| qw: Version: 0.3-a-160-g6735b56
     0 | D:1      | 0 ||| qw: Game counter: 4912
     0 | D:1      | 0 ||| qw: Melee chars always use a shield: true
     0 | D:1      | 0 ||| qw: God list: Okawaru
     0 | D:1      | 0 ||| qw: Allow faded altars: false
     0 | D:1      | 0 ||| qw: Do Orc after clearing Dungeon:15 true
     0 | D:1      | 0 ||| qw: Do second Lair branch before Depths: true
     0 | D:1      | 0 ||| qw: Lair rune preference: random
     0 | D:1      | 0 ||| qw: Goals: Normal
     0 | D:1      | 0 ||| PLANNING D:1-11
    85 | D:1      | Reached skill level 3 in Dodging
   210 | D:1      | Reached XP level 2. HP: 14/14 MP: 3/3
   857 | D:1      | 857 ||| READING 2 scrolls labelled UMPO QEOSE.
   858 | D:1      | 858 ||| READING scroll labelled DOOGES METU.
   859 | D:1      | 859 ||| READING scroll labelled COACHENONU.
   960 | D:1      | 960 ||| DRINKING 2 yellow potions.
   961 | D:1      | 961 ||| DRINKING 2 bubbling golden potions.
   961 | D:1      | Gained mutation: You passively map a small area around you.
                  | [potion of mutation]
   961 | D:1      | Gained mutation: Your health recovers twice as slowly from
                  | being drained. [potion of mutation]
   961 | D:1      | Gained mutation: You are robust. (+10% HP) [potion of
                  | mutation]
   961 | D:1      | Gained mutation: You are somewhat resistant to further
                  | mutation. [potion of mutation]
   964 | D:1      | 964 ||| DROPPING scroll of butterflies.
   965 | D:1      | 965 ||| DROPPING scroll of fog.
  1010 | D:2      | Reached XP level 3. HP: 19/19 MP: 4/4
  1118 | D:2      | 1118 ||| RETREEEEATING.
  1120 | D:2      | 1120 ||| RETREEEEATING.
  1121 | D:2      | 1121 ||| RETREEEEATING.
  1125 | D:2      | 1125 ||| RETREEEEATING.
  1127 | D:2      | 1127 ||| RETREEEEATING.
  1128 | D:2      | 1128 ||| RETREEEEATING.
  1132 | D:2      | Reached XP level 4. HP: 22/24 MP: 5/5
  1226 | D:2      | Noticed Jessica
  1228 | D:2      | Killed Jessica
  1431 | D:2      | 1431 ||| READING scroll labelled QUISCH FOPNI.
  1436 | D:2      | 1436 ||| READING scroll labelled AKUCWO NAINONT.
  1436 | D:2      | 1436 ||| IDENTIFYING green potion
  1437 | D:2      | 1437 ||| READING scroll labelled BIGAMU VIANO.
  1438 | D:2      | 1438 ||| READING scroll labelled NOSAEL HUSCHO.
  1439 | D:2      | 1439 ||| DRINKING 2 metallic pink potions.
  1441 | D:2      | 1441 ||| Stepping ~*~*~tactically~*~*~ (cloud).
  1446 | D:2      | HP: 6/25 [poisoned by you (poison gas)]
  1451 | D:2      | HP: 2/25 [poisoned by you (poison gas)]
  1561 | D:3      | Noticed Grinder
  1563 | D:3      | 1563 ||| STAIRDANCE
  1568 | D:2      | Paralysed by Grinder for 5 turns
  1582 | D:2      | Paralysed by Grinder for 5 turns
  1592 | D:2      | Killed Grinder
  1593 | D:2      | Reached skill level 6 in Ranged Weapons
  1593 | D:2      | Reached XP level 5. HP: 28/28 MP: 6/6
  1593 | D:2      | Reached XP level 6. HP: 33/33 MP: 7/7
  1595 | D:3      | 1595 ||| STAIRDANCE
  1605 | D:3      | 1605 ||| STAIRDANCE
  1620 | D:3      | 1620 ||| STAIRDANCE
  1692 | D:3      | Found Siqovut's Assorted Antiques.
  1698 | D:3      | 1698 ||| BUYING brass wand (96 gold).
  1698 | D:3      | Bought a brass wand for 96 gold pieces
  1698 | D:3      | 1698 ||| SHOPLISTING lead wand (96 gold, have 14).
  1698 | D:3      | 1698 ||| SHOPLISTING scroll labelled KUPUTO TEOTZUC (24
                  | gold, have 14).
  1698 | D:3      | 1698 ||| SHOPLISTING scroll labelled NOS UBBONUBEHU (24
                  | gold, have 14).
  1698 | D:3      | 1698 ||| SHOPLISTING scroll labelled YKHLEC EPAZUSA (24
                  | gold, have 14).
  1698 | D:3      | 1698 ||| SHOPLISTING scroll of identify (48 gold, have 14).
  1698 | D:3      | 1698 ||| SHOPLISTING scroll of teleportation (72 gold, have
                  | 14).
  1698 | D:3      | 1698 ||| SHOPLISTING short copper wand (96 gold, have 14).
  1705 | D:3      | Found Jueqiel's Weapon Boutique.
  1710 | D:3      | 1710 ||| SHOPLISTING +5 arbalest of freezing (456 gold,
                  | have 14).
  1794 | D:3      | Found Taluur's Book Emporium.
  1848 | D:3      | Found a runed translucent door.
  1849 | D:3      | Noticed Crazy Yiuf
  1903 | D:3      | Found a runed translucent door.
  1903 | D:3      | Noticed qw's ghost (amateur DEHu)
  1933 | D:3      | Noticed Ijyb
  1946 | D:3      | HP: 7/33 [Ijyb/+0 club (6)]
  1947 | D:3      | 1947 ||| READING scroll of teleportation.
  1948 | D:3      | 1948 ||| DRINKING potion of heal wounds.
  2005 | D:3      | Killed Ijyb
  2006 | D:3      | Reached skill level 6 in Dodging
  2082 | D:3      | Found an iron altar of Okawaru.
  2083 | D:3      | 2083 ||| PLANNING OKAWARU WORSHIP
  2083 | D:3      | 2083 ||| UPGRADING to +0 cloak.
  2088 | D:3      | 2088 ||| READING scroll labelled KUPUTO TEOTZUC.
  2089 | D:3      | 2089 ||| READING 2 scrolls labelled NOS UBBONUBEHU.
  2090 | D:3      | 2090 ||| READING scroll labelled YKHLEC EPAZUSA.
  2091 | D:3      | 2091 ||| DRINKING 2 fizzy emerald potions.
  2092 | D:3      | 2092 ||| DROPPING scroll of summoning.
  2101 | D:3      | Became a worshipper of Warmaster Okawaru
  2102 | D:3      | 2102 ||| PLANNING D:1-11
  2237 | D:4      | 2237 ||| STAIRDANCE
  2242 | D:4      | 2242 ||| STAIRDANCE
  2256 | D:4      | HP: 8/33 [frozen (2)]
  2258 | D:4      | HP: 3/33 [poisoned by an adder]
  2258 | D:4      | Frozen to death by an endoplasm

Levels and vault maps discovered:
D:1:      orjb1_clovarrival, layout_loops_corners, minmay_stone_trees_small
D:2:      layout_rooms, chequers_serial_rivers_micro_c, kennysheep_jessica_study
D:3:      layout_rooms, mainiacjoe_overflow_alcove_2, serial_shops,
          nicolae_shop_rolling_square, shop, nicolae_shop_pleasant_corner_grove,
          gammafunk_ghost_grave, uniq_crazy_yiuf_cottage, uniq_grinder,
          uniq_ijyb
D:4:      layout_basic

Skill      XL: |  1  2  3  4  5  6 |
---------------+-------------------+-----
Dodging        | 3 4 5 6 |  6.1
Ranged Weapons | 5 6 |  6.6
Fighting       | 2 |  2.0
Stealth        | |  1.5

Action                     |  1- 3 |  4- 6 || total
---------------------------+-------+-------++-------
   Fire: Shortbow          |   114 |   147 ||   261
    Use: Scroll            |     3 |     8 ||    11
         Potion            |     2 |     3 ||     5
 Armour: Robe              |     9 |    29 ||    38
  Dodge: Dodged            |    58 |    90 ||   148

Table legend:
 A = Non-vault XP
 B = Vault XP
 C = Vault XP percentage of total XP
 D = Non-vault monster count
 E = Vault monster count
 F = Vault count percentage of total count
                 A         B        C        D         E       F
            +---------+---------+-------+---------+---------+-------
      Total |     249 |     349 |  58.4 |      68 |       4 |   5.6
            +---------+---------+-------+---------+---------+-------
        D:1 |      35 |       0 |   0.0 |      20 |       0 |   0.0
        D:2 |     165 |     311 |  65.3 |      28 |       3 |   9.7
        D:3 |      35 |      38 |  52.1 |      18 |       1 |   5.3
        D:4 |      14 |       0 |   0.0 |       2 |       0 |   0.0
            +---------+---------+-------+---------+---------+-------
